 Dungeon Crawl Stone Soup version 0.23-a0-183-gf37f6fb (webtiles) character file.

172 Merlin the Shield-Bearer (level 5, -14/47 HPs)
             Began as a Minotaur Fighter on Sept 22, 2018.
             Demolished by a small abomination (19 damage)
             ... on level 1 of the Abyss.
             The game lasted 00:04:17 (1914 turns).

Merlin the Shield-Bearer (Minotaur Fighter)         Turns: 1914, Time: 00:04:18

Health: -14/47     AC:  9    Str: 21    XL:     5   Next: 27%
Magic:  4/4        EV:  5    Int:  5    God:
Gold:   91         SH:  9    Dex: 10    Spells: 4/4 levels left

rFire    + . .     SeeInvis .   a - +0 war axe
rCold    . . .     Gourm    .   c - +0 shield
rNeg     . . .     Faith    .   p - +0 chain mail
rPois    .         Spirit   .   (helmet restricted)
rElec    .         Reflect  .   (no cloak)
rCorr    .         Harm     .   (no gloves)
MR       .....                  (no boots)
Stlth    ..........             (no amulet)
HPRegen  0.15/turn              l - ring of protection from fire
MPRegen  0.09/turn              (no ring)

@: no status effects
A: retaliatory headbutt, horns 2
a: no special abilities


You were on level 1 of the Abyss.
You were hungry.

You visited 1 branch of the dungeon, and saw 2 of its levels.
You visited the Abyss 1 time.

You collected 91 gold pieces.

Inventory:

Hand Weapons
 a - a +0 war axe (weapon)
Armour
 c - a +0 shield (worn)
 o - a +0 large shield
 p - a +0 chain mail (worn)
Jewellery
 l - a ring of protection from fire (left hand)
Scrolls
 e - 2 scrolls of identify
 i - a scroll of remove curse {unknown}
 j - a scroll of blinking {unknown}
 k - a scroll of teleportation {unknown}
 m - a scroll of enchant weapon {unknown}
Potions
 d - a potion of might
 g - a potion of agility
 h - a potion of cancellation {unknown}
Comestibles
 f - 3 rations
 n - a chunk of flesh


   Skills:
 + Level 4.5 Fighting
 * Level 4.6 Axes
 + Level 4.5 Armour
 + Level 4.6 Shields


You had 4 spell levels left.
You didn't know any spells.
Your spell library was empty.

Dungeon Overview and Level Annotations

Branches:
Dungeon (2/15)

Altars:
Yredelemnul

Annotations:
D:2 Crazy Yiuf


Innate Abilities, Weirdness & Mutations

You reflexively headbutt those who attack you in melee.
You have a pair of horns on your head.


Message History

This branch contains the abyssal rune of Zot.
You start resting.
You feel yourself speed up.
You start resting.
A small abomination comes into view.
You start resting.
The small abomination is too close now for your liking.
The small abomination barely misses you.
The small abomination hits you.
* * * LOW HITPOINT WARNING * * *
You closely miss the small abomination.
You are feeling hungry.
You block the small abomination's attack.
The small abomination hits you.
* * * LOW HITPOINT WARNING * * *
You hit the small abomination.
Your headbutt misses the small abomination.
The small abomination is moderately damaged.
The small abomination hits you!!
You die...

♣#####
##..#
#...#
#...#
##.##
♣.♣♣
♣♣@♣
♣x..♣
..♣..♣
..♣♣♣..♣
... ...♣
.. ....
# ...#
##..#


You could see a small abomination.

Vanquished Creatures
  An orc wizard (D:2)
  Terence (D:2)
  Robin (D:2)
  5 adders (D:2)
  An ooze (D:1)
  A dart slug (D:2)
  A leopard gecko (D:2)
  2 orcs (D:2)
  A ball python (D:1)
  8 bats
  12 goblins (D:2)
  8 hobgoblins
  2 frilled lizards
  7 kobolds
  2 rats (D:1)
53 creatures vanquished.

Notes
Turn   | Place    | Note
-------+----------+-------------------------------------------
     0 | D:1      | Merlin the Minotaur Fighter began the quest for the Orb.
     0 | D:1      | Reached XP level 1. HP: 19/19 MP: 0/0
   176 | D:1      | Reached XP level 2. HP: 23/27 MP: 1/1
   843 | D:2      | Reached XP level 3. HP: 23/33 MP: 2/2
  1075 | D:2      | Noticed Terence
  1084 | D:2      | Killed Terence
  1141 | D:2      | Reached XP level 4. HP: 34/40 MP: 3/3
  1188 | D:2      | Found a basalt altar of Yredelemnul.
  1213 | D:2      | Noticed Robin
  1224 | D:2      | Killed Robin
  1708 | D:2      | Reached XP level 5. HP: 47/47 MP: 4/4
  1874 | D:2      | Found a runed door.
  1878 | D:2      | Noticed Crazy Yiuf
  1885 | D:2      | Cast into level 1 of the Abyss (Crazy Yiuf)
  1905 | Abyss:1  | Noticed a small abomination
  1914 | Abyss:1  | Demolished by a small abomination

Vault maps used:
D:1:      dpeg_arrival_line_fractal
D:2:      yredelemnul_altar_generic, uniq_terence, uniq_robin,
          uniq_crazy_yiuf_cottage

Skill      XL: |  1  2  3  4 |
---------------+-------------+-----
Axes           | 3 4 |  4.6
Shields        | 4 |  4.6
Fighting       | 4 |  4.5
Armour         | 4 |  4.5

Action                   |  1- 3 |  4- 6 || total
-------------------------+-------+-------++-------
Melee: War axe           |    77 |    78 ||   155
       Headbutt          |     8 |     9 ||    17
  Use: Scroll            |     2 |       ||     2
  Eat: Chunk             |     1 |     2 ||     3
Armor: Scale mail        |    43 |    13 ||    56
       Chain mail        |       |    19 ||    19
Dodge: Dodged            |    24 |    17 ||    41
Block: Shield            |    53 |    37 ||    90

Table legend:
 A = Non-vault XP
 B = Vault XP
 C = Vault XP percentage of total XP
 D = Non-vault monster count
 E = Vault monster count
 F = Vault count percentage of total count
                 A         B        C        D         E       F
            +---------+---------+-------+---------+---------+-------
      Total |     171 |      75 |  30.5 |      39 |      14 |  26.4
            +---------+---------+-------+---------+---------+-------
        D:1 |      33 |       0 |   0.0 |      18 |       0 |   0.0
        D:2 |     138 |      75 |  35.2 |      21 |      14 |  40.0
            +---------+---------+-------+---------+---------+-------
